 Dungeon Crawl Stone Soup version 0.18-a0-1-gfac8111 (webtiles) character file.

3354831 Vidiiot the Chief of Staff (level 25, 196/221 HPs)
             Began as a Minotaur Gladiator on Oct 29, 2015.
             Was an Initiate of Gozag.
             Escaped with the Orb
             ... and 5 runes on Oct 30, 2015!
             The game lasted 03:53:04 (63168 turns).

Vidiiot the Chief of Staff (Minotaur Gladiator)    Turns: 63168, Time: 03:53:04

Health: 196/221    AC: 42    Str: 28    XL:     25   Next: 82%
Magic:  29/29      EV: 16    Int:  8    God:    Gozag
Gold:   1710       SH:  0    Dex: 15    Spells: 5 memorised, 33 levels left

rFire  + + .     SeeInvis .     a - +9 lajatang (flame)
rCold  + + .     Clarity  .     e - +9 armour of the Dragon King {rPois rF+ rC+ MR+}
rNeg   + . .     SustAt   .     (no shield)
rPois  +         Gourm    .     G - +2 hat {Int+3}
rElec  +         Spirit   .     k - +2 cloak
rCorr  .         Warding  .     R - +3 pair of gauntlets of War {Slay+5}
rMut   .         Stasis   .     (no boots)
MR     +++..                    S - amulet of Osyag {rElec rPois rN+ Regen+}
Stlth  ..........               i - ring of protection from magic
                                Q - ring of protection from fire

@: very slightly contaminated, repel missiles, extremely resistant to hostile
enchantments, extremely unstealthy
A: retaliatory headbutt, horns 2, cold resistance 1, low mp 2, screaming 1
a: Potion Petition, Call Merchant, Bribe Branch, Renounce Religion
0: Orb of Zot
}: 5/15 runes: serpentine, barnacled, slimy, silver, abyssal


You escaped.
You worshipped Gozag.
Gozag was noncommittal.
You were not hungry.

You visited 12 branches of the dungeon, and saw 61 of its levels.
You visited the Abyss 2 times.
You visited 1 bazaar.
You visited 1 ziggurat, and saw 6 of its levels.
You also visited: Labyrinth and Bailey.

You collected 27825 gold pieces.
You spent 4273 gold pieces at shops.
You paid 21842 gold pieces to Gozag.

Inventory:

Hand Weapons
 a - a +9 lajatang of flaming (weapon)
 q - a +0 blowgun
Missiles
 d - 4 throwing nets (quivered)
Armour
 e - the +9 armour of the Dragon King (worn) {rPois rF+ rC+ MR+}
   (You bought it in a shop on level 1 of the Lair of Beasts)

   It protects you from fire.
   It protects you from cold.
   It protects you from poison.
   It affects your resistance to hostile enchantments.
 g - a +2 pair of boots of running
 k - a +2 cloak (worn)
 G - a +2 hat of intelligence (worn)
 J - a +2 pair of boots of flying
 R - the +3 pair of gauntlets of War (worn) {Slay+5}
   (You found it on level 5 of the Vaults)

   It affects your accuracy and damage with ranged weapons and melee attacks
   (+5).
Jewellery
 b - the ring "Fonno" {rN+ Int+5}
   (You found it on level 5 of the Vaults)

   [ring of intelligence]

   It affects your intelligence (+5).
   It protects you from negative energy.
 i - a ring of protection from magic (right hand)
 l - an uncursed amulet of resist mutation
 m - an uncursed ring of see invisible
 n - an uncursed amulet of stasis {unknown}
 w - the ring of Uhent {SustAt +Blink rN+ Int+7 Dex-5}
   (You took it off a deep elf annihilator on level 3 of the Elven Halls)

   [ring of sustain attributes]

   It sustains your strength, intelligence and dexterity.
   It affects your intelligence (+7).
   It affects your dexterity (-5).
   It protects you from negative energy.
   It lets you blink.
 Q - a ring of protection from fire (left hand)
 S - the amulet of Osyag (around neck) {rElec rPois rN+ Regen+}
   (You bought it in a shop on level 1 of the Lair of Beasts)

   [amulet of regeneration]

   It insulates you from electricity.
   It protects you from poison.
   It protects you from negative energy.
   It increases your rate of regeneration.
 T - the ring "Muredois" {+/*Tele rN+}
   (You took it off a deep elf annihilator on level 3 of the Elven Halls)

   [ring of teleportation]

   It may teleport you to nearby monsters, and can be evoked to randomly
   teleport.
   It protects you from negative energy.
Wands
 x - a wand of teleportation (3)
 C - a wand of draining (4)
 H - a wand of digging (12)
 L - a wand of cold (4)
 W - a wand of hasting (3)
 Y - a wand of fire (9)
Scrolls
 c - a scroll of summoning
 f - 5 scrolls of immolation
 p - 20 scrolls of remove curse
 u - 4 scrolls of enchant armour
 v - 3 scrolls of fear
 y - 7 scrolls of recharging
 E - 2 scrolls of holy word
 K - 2 scrolls of identify
 V - 3 scrolls of blinking
Potions
 z - 7 potions of curing
 A - 4 potions of brilliance
 D - 6 potions of heal wounds
 F - 6 potions of agility
 I - 3 potions of cure mutation
 M - 3 potions of might
 O - 4 potions of magic
Books
 t - a book of Necromancy

   Spells                             Type                      Level
   a - Pain                           Necromancy                   1
   b - Animate Skeleton               Necromancy                   1
   c - Vampiric Draining              Necromancy                   3
   d - Regeneration                   Charms/Necromancy            3
   e - Animate Dead                   Necromancy                   4
   f - Control Undead                 Necromancy                   4
Miscellaneous
 j - the horn of Geryon
 o - a legendary deck of summoning {Repulsiveness}
 r - a phantom mirror
 s - a fan of gales
 B - a phial of floods
 P - a legendary deck of wonders {the Alchemist, drawn: 1}
 Z - a lamp of fire
Comestibles
 h - 7 meat rations


   Skills:
 - Level 17.0 Fighting
 O Level 27 Staves
 - Level 2.0 Throwing
 - Level 19.3 Armour
 - Level 18.0 Dodging
 + Level 10.7 Spellcasting
 + Level 10.7 Charms
 - Level 10.9 Air Magic
 - Level 16.2 Evocations


You had 33 spell levels left.
You knew the following spells:

 Your Spells              Type           Power        Failure   Level  Hunger
a - Apportation           Tloc           #.........   99%         1    None
b - Animate Skeleton      Necr           N/A          99%         1    None
c - Repel Missiles        Chrm/Air       ###...       3%          2    #......
d - Mephitic Cloud        Conj/Pois/Air  ##......     96%         3    ###....
e - Silence               Hex/Air        ##........   100%        5    ######.


Dungeon Overview and Level Annotations

Branches:
Dungeon (15/15)            Temple (1/1) D:5            Lair (8/8) D:10
 Shoals (4/4) Lair:6        Snake (4/4) Lair:5        Slime (6/6) Lair:6
    Orc (4/4) D:12            Elf (3/3) Orc:4        Vaults (5/5) D:14
  Crypt (0/3) Vaults:2     Depths (5/5) D:15           Hell (1/1)
    Coc (0/7) Hell            Zot (5/5) Depths:5
    Dis: Hell:1         Geh: Hell:1         Tar: Hell:1

Altars:
Ashenzari
Cheibriados
Dithmenos
Fedhas
Gozag
Kikubaaqudgha
Nemelex Xobeh
Qazlal
Trog
Xom
Yredelemnul
The Shining One
Beogh
Jiyva

Shops:
D:8 *   D:10 !   D:12 =   Orc:4 :*!(?%   Lair:1 [=   Lair:6 ?   Vaults:3 *
Vaults:4 (   Vaults:5 *   Depths:4 *

Portals:
Hell: Depths:1 Depths:2 Depths:3 Depths:5
Abyss: Depths:1 Depths:3 Depths:4

Annotations:
D:4 exclusion: downstairs
D:6 Raultor's ghost, novice OpMo
Lair:6 exclusion: downstairs
Shoals:1 exclusion: Roxanne, Roxanne
Snake:3 Jorgrun
Elf:1 Asterion
Depths:2 Saint Roka
Hell exclusion: ice statue


Innate Abilities, Weirdness & Mutations

You reflexively headbutt those who attack you in melee.
You have a pair of horns on your head.
Your flesh is cold resistant.
Your magical capacity is very low (-20% MP).
You occasionally shout uncontrollably at your foes.


Message History

Your surroundings suddenly seem different.
Found 2 potions of curing.
A rat comes into view.
Evoke which item? (* to show all) (? for menu, Esc to quit)
Zapping:
x - a wand of teleportation (4)
Press: ? - help, Shift-Dir - straight line, f - you You feel strangely unstable.
You feel the Orb delaying your translocation!
This wand has 3 charges left.
The rat closely misses you. You furiously retaliate!
You headbutt the rat!
You kill the rat!
No target in view!
No target in view!
You start resting.
Your surroundings suddenly seem different.
There is an open door here.
There is an open door here.
You see here a short sword.
There is a staircase leading out of the dungeon here.
You have escaped!

######
.###############....##
.....#....##.........###
###.....###...#####....####
..####.....####...####....#
.....###'###.........###..#
⌠......'.'.....)@......#..#
.....###'###(........###..#
..####.....####...####....#
###...........#####.......#
....##....................#
...##..#.....##...###...#.#
..###.###..######## #####.#
.########.## ### ###
.##...##..# #.#


There were no monsters in sight!

Vanquished Creatures
  the royal jelly (Slime:6)
  5 ancient liches
  2 orbs of fire (Zot:5)
  A greater mummy (Zig:4)
  2 pandemonium lords
  Margery (Vaults:4)
  Norris (Snake:4)
  2 Killer Klowns
  A curse toe (Zot:5)
  Geryon (Hell)
  3 golden dragons
  2 bone dragons (Depths:5)
  An electric golem (Zot:5)
  8 tentacled monstrosities
  A Hell Sentinel (Abyss:2)
  18 Orb Guardians
  2 liches (Abyss:3)
  A hellephant (Abyss:1)
  3 titans
  2 deep elf blademasters (Elf:3)
  2 deep elf master archers (Elf:3)
  3 sphinxes
  A quicksilver dragon (Vaults:5)
  Murray (Hell)
  22 acid blobs
  2 octopode crushers
  7 tentacled starspawn
  Gastronok (Lair:2)
  3 death cobs
  3 tengu reavers
  5 storm dragons
  A revenant (Hell)
  6 shadow dragons
  3 draconian monks
  5 greater nagas
  12 azure jellies
  An orc warlord (Zig:3)
  9 frost giants
  5 fire giants
  Donald (Orc:3)
  An iron dragon (Vaults:5)
  5 vault wardens
  A draconian knight (Zot:2)
  7 deep elf sorcerers
  3 cacodemons
  Aizul (Snake:4)
  A draconian scorcher (Zig:2)
  2 draconian shifters
  A ghost moth (Zot:5)
  3 draconian zealots
  4 draconian annihilators
  9 very ugly things
  13 ironheart preservers
  14 stone giants
  2 ophanim
  3 war gargoyles (Vaults:5)
  4 green draconians
  A draconian caller (Zot:1)
  4 reapers (Hell)
  9 deep elf annihilators (Elf:3)
  10 deep elf demonologists
  Nessos (D:13)
  A purple draconian (Abyss:3)
  2 salamander firebrands (Hell)
  2 mottled draconians
  2 red draconians (Depths:5)
  4 yellow draconians
  A minotaur (Lab)
  3 blizzard demons
  4 death oozes
  2 merfolk javelineers (Shoals:4)
  Snorg (D:10)
  9 ettins
  2 mummy priests (Zig:4)
  3 green deaths
  25 vault guards
  5 merfolk impalers
  5 deep elf death magi
  13 yaktaur captains
  8 fire dragons
  3 quicksilver dragon zombies (Abyss:3)
  An entropy weaver (shapeshifter) (Depths:4)
  9 great orbs of eyes
  A quicksilver dragon skeleton (Vaults:5)
  Fannar (Lair:2)
  3 entropy weavers
  4 deep elf high priests
  3 catoblepae
  12 ice dragons
  5 naga warriors
  2 alligators (Zig:6)
  12 hydras
  2 death knights (Vaults:2)
  3 merfolk avatars
  Erica (Lair:1)
  An anaconda (shapeshifter) (Vaults:4)
  12 deep troll shamans
  2 spriggan air magi
  9 centaur warriors
  4 rakshasas
  A ghost crab (Zig:6)
  5 anacondas
  5 tengu warriors
  18 ogre magi
  14 death yaks
  3 shock serpents (Snake:4)
  4 merfolk aquamancers
  4 naga sharpshooters
  6 orc high priests
  6 deep troll earth magi
  2 spriggan berserkers (Depths:4)
  9 deep elf knights
  A salamander mystic (Snake:2)
  5 sun demons
  18 thrashing horrors
  2 soul eaters (Hell)
  7 hell hogs
  An iron troll (Depths:1)
  9 wretched stars
  29 hell knights
  A fire crab (shapeshifter) (Vaults:5)
  9 skeletal warriors
  An ice devil (Hell)
  9 spatial maelstroms
  2 giant orange brains (shapeshifter)
  A storm dragon skeleton (Abyss:1)
  6 flayed ghosts
  A death drake (shapeshifter) (Depths:4)
  16 deep trolls
  5 giant orange brains
  7 sea snakes
  An anaconda zombie (Hell)
  3 deep elf summoners
  5 naga ritualists
  2 phantasmal warriors (Vaults:5)
  3 shadow wraiths
  4 unseen horrors
  A swamp dragon (Zig:6)
  6 ironbrand convokers
  14 orc knights
  2 mana vipers (Snake:3)
  A wizard (D:14)
  8 hill giants
  11 deep elf conjurers
  6 harpies
  7 necromancers
  An orb spider (Abyss:3)
  2 water nymphs
  4 wolf spiders
  5 salamanders
  4 fauns (Shoals:3)
  A faun (shapeshifter) (Vaults:4)
  4 hornets
  A hornet (shapeshifter) (Depths:1)
  4 sirens
  A water nymph (shapeshifter) (Vaults:5)
  3 worldbinders
  20 ugly things
  9 moths of wrath
  2 octopodes (shapeshifter)
  3 manticores
  11 griffons
  An elephant (shapeshifter) (Vaults:4)
  8 cyclopes
  4 elephants (Lair:8)
  4 rust devils
  10 smoke demons
  An eye of devastation (shapeshifter) (Depths:3)
  A black mamba (shapeshifter) (Depths:4)
  19 black mambas
  6 sixfirhies
  4 centaur zombies
  7 naga magi
  7 orange demons
  17 spiny frogs
  4 vault sentinels
  A guardian serpent (shapeshifter) (Vaults:2)
  2 guardian serpents
  A torpor snail (Lair:6)
  A gargoyle (D:14)
  4 apocalypse crabs
  A molten gargoyle (Lair:5)
  3 eyes of devastation (Slime:6)
  A spriggan zombie (Depths:2)
  A centaur skeleton (D:15)
  6 komodo dragons
  2 hellions
  3 efreet
  7 fire drakes
  8 freezing wraiths
  A demonic crawler (Abyss:3)
  12 deep elf priests
  5 hellwings
  3 red devils
  2 tengu conjurers
  9 ancient zymes
  A queen bee (Abyss:3)
  7 trolls
  5 polar bears
  A jumping spider (Depths:1)
  5 merfolk
  34 yaktaurs
  A wind drake (Shoals:2)
  A blue devil (Zot:5)
  16 raiju
  32 two-headed ogres
  A harpy skeleton (D:15)
  8 blink frogs
  2 snapping turtles
  5 boulder beetles
  2 bog bodies (Zig:6)
  45 slime creatures
  A stone giant simulacrum (Vaults:2)
  A flying skull (Abyss:1)
  7 redbacks
  2 tarantellas
  7 wyverns
  A spriggan skeleton (Depths:2)
  2 yaks (shapeshifter)
  15 deep elf fighters
  An elf skeleton (Depths:2)
  38 starcursed masses
  6 ynoxinuls
  2 spriggans (Depths:4)
  7 water elementals
  A centaur simulacrum (D:15)
  4 fire bats (Abyss:3)
  10 vampire mosquitoes
  5 air elementals
  34 yaks
  24 deep elf magi
  2 hungry ghosts
  2 golden eyes (Slime:6)
  A hippogriff (shapeshifter) (Abyss:3)
  A wraith (D:11)
  8 neqoxecs
  A fire elemental (Hell)
  9 hippogriffs
  4 basilisks (Lair:4)
  32 large abominations
  6 spatial vortices (Abyss:3)
  4 chaos spawn
  38 nagas
  9 porcupines
  3 hell hounds
  2 wargs
  A soldier ant (shapeshifter) (Vaults:1)
  37 wolves
  21 water moccasins
  2 slaves (D:5)
  A black bear (D:10)
  A manticore zombie (Hell)
  A hornet simulacrum (D:15)
  A sky beast (D:9)
  5 ice beasts
  3 spiders (Lair:8)
  58 ogres
  An eye of draining (shapeshifter) (Depths:2)
  19 centaurs
  48 orc warriors
  5 wasps
  7 eyes of draining
  A phantom (D:8)
  13 crocodiles
  8 gnoll sergeants (Bailey)
  2 brain worms
  21 giant frogs
  22 small abominations
  A human simulacrum (Depths:2)
  3 scorpions
  2 wyvern zombies
  7 wights
  17 killer bees
  5 iron imps
  27 orc wizards
  5 crimson imps
  3 electric eels
  2 lava snakes (Lair:5)
  3 quasits
  2 giant frog zombies
  A giant frog skeleton (D:4)
  Crazy Yiuf (D:5)
  2 iguanas
  19 jellies
  38 orc priests
  9 hounds
  12 worker ants
  8 gnoll shamans
  7 hell rats (Hell)
  13 sheep
  A killer bee zombie (D:5)
  25 adders
  21 gnolls
  2 shadow imps
  5 white imps
  21 river rats
  An ufetubus (Abyss:3)
  2 adder skeletons
  3 worms
  8 giant geckos
  235 orcs
  2 ball pythons
  3 giant cockroaches
  13 goblins
  5 hobgoblins
  7 jackals
  5 bats
  4 giant newts
  4 kobolds
  8 rats
  A lurking horror (Abyss:3)
  3 starspawn tentacles
2254 creatures vanquished.

Vanquished Creatures (collateral kills)
  2 orbs of fire (Zot:5)
  An ancient lich (Zot:5)
  A curse toe (Zot:1)
  A Killer Klown (Zot:5)
  2 golden dragons
  An electric golem (Zot:5)
  2 tentacled monstrosities
  7 Orb Guardians (Zot:5)
  3 acid blobs
  A sphinx (Depths:5)
  2 death cobs
  An azure jelly (Lair:6)
  3 frost giants (Depths:4)
  Louise (Snake:4)
  2 draconian shifters
  3 very ugly things
  A stone giant (Depths:3)
  A green draconian (Zot:3)
  A purple draconian (Zot:3)
  2 black draconians
  A white draconian (Zot:3)
  2 mottled draconians
  2 ettins (Depths:5)
  2 fire dragons
  2 yaktaur captains
  An entropy weaver (Depths:2)
  A naga sharpshooter (Snake:4)
  A giant orange brain (Depths:2)
  A harpy (Shoals:2)
  3 ugly things
  2 necromancers
  An oklob plant (Zig:6)
  A griffon (Shoals:2)
  3 moths of wrath
  2 shining eyes
  2 smoke demons
  A yaktaur (Depths:4)
  A naga mage (Snake:4)
  A red devil (Zot:3)
  A guardian mummy (Zig:4)
  A deep elf priest (Vaults:4)
  2 slime creatures (Depths:4)
  An air elemental (Depths:5)
  A redback (Depths:2)
  A spriggan skeleton (Zig:4)
  A ynoxinul (Zot:5)
  A hippogriff (shapeshifter) (Depths:2)
  A deep elf fighter (Vaults:4)
  A chaos spawn (Zig:5)
  2 neqoxecs
  A naga (Snake:4)
  3 orc warriors (Depths:2)
  A swamp drake (Zig:6)
  A crimson imp (Zot:2)
  2 jellies
  An orc priest (Depths:2)
  An orc wizard (Depths:2)
  A hell rat (Hell)
  A mummy (Zig:4)
  3 orcs
96 creatures vanquished.

Vanquished Creatures (others)
  A tentacled monstrosity (Zot:1)
  3 Orb Guardians (Zot:5)
  2 death cobs
  2 sphinxes (Depths:4)
  A tengu reaver (Depths:4)
  A deep elf sorcerer (Depths:5)
  A draconian zealot (Zot:5)
  A draconian shifter (Zot:1)
  A stone giant (Depths:4)
  A black draconian (Zot:1)
  A green draconian (Zot:3)
  3 yaktaur captains
  A spriggan air mage (Depths:5)
  2 deep troll earth magi
  6 dancing weapons
  A deep troll shaman (Depths:5)
  2 spriggan berserkers
  A deep elf knight (Elf:3)
  An iron troll (Depths:5)
  4 deep trolls
  An unseen horror (shapeshifter) (Depths:4)
  An unseen horror (Vaults:1)
  A giant orange brain (Depths:5)
  3 necromancers
  2 moths of wrath
  An orange demon (Hell)
  7 yaktaurs
  2 deep elf priests (Depths:3)
  A two-headed ogre (Depths:4)
  3 deep elf magi (Elf:3)
  A water elemental (Depths:3)
  2 spriggans (Depths:5)
  A deep elf fighter (Elf:3)
  A large abomination (Abyss:3)
  An orc warrior (Depths:2)
  2 wasps (Depths:5)
  A starcursed mass (Abyss:1)
  An ufetubus (Abyss:3)
  An orc (D:11)
  38 fungi
  A lurking horror (Abyss:3)
  29 plants
  12 starspawn tentacles
  52 starspawn tentacle segments
201 creatures vanquished.

Grand Total: 2551 creatures vanquished

Notes
Turn   | Place    | Note
--------------------------------------------------------------
     0 | D:1      | Vidiiot the Minotaur Gladiator began the quest for the Orb.
     0 | D:1      | Reached XP level 1. HP: 18/18 MP: 0/0
   317 | D:1      | Reached skill level 4 in Staves
   415 | D:1      | Reached XP level 2. HP: 19/25 MP: 1/1
   672 | D:2      | Reached skill level 5 in Staves
   864 | D:2      | Reached XP level 3. HP: 30/30 MP: 2/2
  1325 | D:2      | Found a stormy altar of Qazlal.
  1661 | D:2      | Found a bloodstained altar of Trog.
  1854 | D:3      | Reached skill level 6 in Staves
  1854 | D:3      | Reached XP level 4. HP: 37/37 MP: 3/3
  2188 | D:3      | Found a shadowy altar of Dithmenos.
  2216 | D:4      | Reached XP level 5. HP: 42/42 MP: 4/4
  2335 | D:4      | Reached skill level 7 in Staves
  2656 | D:4      | Found a sparkling altar of Nemelex Xobeh.
  3312 | D:5      | Entered Level 5 of the Dungeon
  3318 | D:5      | Reached skill level 8 in Staves
  3326 | D:5      | Noticed a centaur
  3766 | D:5      | Reached XP level 6. HP: 50/50 MP: 5/5
  3781 | D:5      | Killed a centaur
  3789 | D:5      | Reached skill level 9 in Staves
  3955 | D:5      | Noticed a centaur
  3963 | D:5      | Killed a centaur
  3963 | D:5      | Reached XP level 7. HP: 10/56 MP: 6/6
  4357 | D:5      | Noticed Crazy Yiuf
  4363 | D:5      | Killed Crazy Yiuf
  4475 | D:6      | Reached skill level 10 in Staves
  4574 | D:6      | Noticed Raultor's ghost (novice OpMo)
  4633 | D:7      | Reached skill level 1 in Armour
  4863 | D:6      | Reached XP level 8. HP: 63/63 MP: 7/7
  5241 | D:6      | Reached skill level 11 in Staves
  5479 | D:5      | Found a staircase to the Ecumenical Temple.
  5488 | Temple   | Entered the Ecumenical Temple
  5512 | Temple   | Became a worshipper of Gozag Ym Sagoz the Greedy
  5586 | D:7      | Found a glowing golden altar of the Shining One.
  5586 | D:7      | Found a basalt altar of Yredelemnul.
  5586 | D:7      | Found a snail-covered altar of Cheibriados.
  5618 | D:7      | Reached skill level 5 in Armour
  5838 | D:8      | Noticed a two-headed ogre
  5847 | D:8      | Killed a two-headed ogre
  5919 | D:8      | Found Vumaasch's General Store.
  5999 | D:8      | Found a blossoming altar of Fedhas.
  6011 | D:8      | Reached skill level 12 in Staves
  6175 | D:8      | Reached XP level 9. HP: 45/70 MP: 8/8
  6797 | D:10     | Entered Level 10 of the Dungeon
  6849 | D:10     | Reached skill level 5 in Fighting
  6959 | D:10     | Noticed Snorg
  6969 | D:10     | Killed Snorg
  6969 | D:10     | Reached skill level 13 in Staves
  6969 | D:10     | Reached skill level 5 in Dodging
  6993 | D:10     | Found a staircase to the Lair.
  6993 | D:10     | Noticed a fire drake
  6995 | D:10     | Noticed a cyclops
  7006 | D:10     | Killed a fire drake
  7006 | D:10     | Reached XP level 10. HP: 36/84 MP: 9/9
  7229 | D:10     | Killed a cyclops
  7479 | D:10     | Noticed a centaur zombie
  7513 | D:10     | Found Inalu's Distillery.
  7522 | D:10     | Bought a potion of curing for 42 gold pieces
  7522 | D:10     | Bought a potion of heal wounds for 70 gold pieces
  7527 | D:10     | Killed a centaur zombie
  7746 | D:10     | Noticed a centaur zombie
  7757 | D:10     | Killed a centaur zombie
  7794 | D:11     | Noticed a skeletal warrior
  7794 | D:11     | Noticed a skeletal warrior
  7799 | D:11     | Noticed a skeletal warrior
  7811 | D:10     | Killed a skeletal warrior
  7811 | D:10     | Reached skill level 14 in Staves
  7830 | D:10     | Killed a skeletal warrior
  7842 | D:10     | Killed a skeletal warrior
  8056 | D:11     | Noticed a skeletal warrior
  8056 | D:11     | Noticed a skeletal warrior
  8080 | D:10     | Killed a skeletal warrior
  8080 | D:10     | Reached XP level 11. HP: 25/97 MP: 10/10
  8368 | D:11     | Killed a skeletal warrior
  9095 | D:11     | Reached skill level 10 in Fighting
  9143 | D:11     | Noticed a hill giant
  9151 | D:11     | Killed a hill giant
 10012 | D:12     | Reached skill level 15 in Staves
 10050 | D:12     | Found a roughly hewn altar of Beogh.
 10050 | D:12     | Found a staircase to the Orcish Mines.
 10293 | D:12     | HP: 5/101 [orc knight/long sword (14)]
 10716 | Orc:1    | Entered Level 1 of the Orcish Mines
 10815 | Orc:1    | You fall through a shaft!
 11314 | Orc:1    | Reached skill level 10 in Dodging
 11740 | Orc:1    | Noticed an ice dragon
 11766 | Orc:1    | Killed an ice dragon
 12167 | Orc:2    | Reached XP level 12. HP: 79/110 MP: 11/11
 12274 | Orc:3    | Found a flagged portal.
 12406 | Bailey   | Entered a bailey
 12894 | Orc:4    | Entered Level 4 of the Orcish Mines
 12894 | Orc:4    | Noticed Donald
 12939 | Orc:3    | Killed Donald
 13206 | Orc:4    | Found Diuq's Food Shoppe.
 13253 | Orc:4    | Bought a bread ration for 50 gold pieces
 13253 | Orc:4    | Bought a bread ration for 50 gold pieces
 13253 | Orc:4    | Bought a meat ration for 50 gold pieces
 13337 | Orc:4    | Found a staircase to the Elven Halls.
 14068 | Orc:4    | Reached skill level 16 in Staves
 14701 | Orc:4    | Reached skill level 1 in Evocations
 15401 | Orc:4    | Reached skill level 5 in Evocations
 15435 | Orc:4    | Found Deruc's Book Shoppe.
 15435 | Orc:4    | Found Guppooc's Magic Scroll Shoppe.
 16010 | Orc:4    | Reached XP level 13. HP: 115/119 MP: 16/16
 16036 | Orc:4    | Found Famy's Distillery.
 16036 | Orc:4    | Found Yfueh's Antique Weapon Shoppe.
 16046 | Orc:4    | Bought 3 scrolls of teleportation for 144 gold pieces
 16046 | Orc:4    | Bought a scroll of magic mapping for 56 gold pieces
 16049 | Orc:4    | Bought a potion of heal wounds for 70 gold pieces
 16049 | Orc:4    | Bought a potion of curing for 42 gold pieces
 16049 | Orc:4    | Bought a potion of agility for 56 gold pieces
 16049 | Orc:4    | Bought a potion of agility for 56 gold pieces
 16054 | Orc:4    | Bought a scroll labeled IMULEUT IPRAS for 29 gold pieces
 16054 | Orc:4    | Bought a worn bronze wand for 116 gold pieces
 16054 | Orc:4    | Bought a scroll labeled YTTAMP YTOLE for 29 gold pieces
 16610 | Lair:1   | Entered Level 1 of the Lair of Beasts
 16634 | Lair:1   | Bought an uncursed ring of poison resistance for 240 gold pieces
 16639 | Lair:2   | Noticed Gastronok
 16639 | Lair:2   | Noticed Erica
 16842 | Lair:1   | Killed Erica
 17059 | Lair:2   | Killed Gastronok
 18096 | Lair:6   | Found a labyrinth entrance.
 18115 | Lab      | Entered a labyrinth
 18322 | Lab      | Reached skill level 10 in Evocations
 19212 | Lair:7   | Reached skill level 10 in Armour
 19337 | Lair:8   | Entered Level 8 of the Lair of Beasts
 19355 | Lair:7   | Reached XP level 14. HP: 91/127 MP: 21/21
 19971 | Lair:8   | Reached skill level 17 in Staves
 21504 | Lair:6   | Found a staircase to the Slime Pits.
 21504 | Lair:6   | Found a viscous altar of Jiyva.
 22084 | Lair:2   | Noticed Fannar
 22129 | Lair:2   | Killed Fannar
 22129 | Lair:2   | Reached XP level 15. HP: 81/134 MP: 23/23
 22134 | Lair:2   | Reached skill level 18 in Staves
 22607 | Lair:1   | Bought the amulet of Osyag {rElec rPois rN+ Regen+} for 628 gold pieces
 23258 | D:14     | Got an ancient ring mail
 23269 | D:14     | Identified the +1 ring mail of Minor Irritation {rPois} (You found it on level 14 of the Dungeon)
 23357 | D:15     | Entered Level 15 of the Dungeon
 25013 | Lair:5   | Found a staircase to the Snake Pit.
 25106 | Snake:1  | Entered Level 1 of the Snake Pit
 25505 | Snake:2  | Noticed a greater naga
 25917 | Snake:3  | Noticed a greater naga
 25928 | Snake:3  | Killed a greater naga
 25928 | Snake:3  | Reached skill level 19 in Staves
 25970 | Snake:4  | Entered Level 4 of the Snake Pit
 26460 | Snake:4  | Reached XP level 16. HP: 85/141 MP: 25/25
 26627 | Snake:4  | Noticed Aizul
 26656 | Snake:4  | Killed Aizul
 26891 | Snake:4  | Noticed a greater naga
 26910 | Snake:4  | Killed a greater naga
 26975 | Snake:4  | Noticed a greater naga
 26992 | Snake:4  | Noticed a greater naga
 26995 | Snake:4  | Killed a greater naga
 27018 | Snake:4  | Killed a greater naga
 27641 | Snake:4  | Reached skill level 15 in Armour
 27795 | Snake:4  | Noticed Norris
 27884 | Snake:4  | Killed Norris
 28077 | Snake:4  | Noticed Louise
 28085 | Snake:4  | Killed Louise
 28154 | Snake:4  | Noticed a greater naga
 28164 | Snake:4  | Killed a greater naga
 28176 | Snake:4  | Got a serpentine rune of Zot
 28368 | Snake:3  | Noticed Jorgrun
 28807 | Lair:1   | Bought the +9 armour of the Dragon King {rPois rF+ rC+ MR+} for 1747 gold pieces
 28978 | D:15     | Found a staircase to the Depths.
 29093 | Depths:1 | Entered Level 1 of the Depths
 29707 | D:13     | Noticed Nessos
 29717 | D:13     | Killed Nessos
 30082 | D:14     | Reached skill level 20 in Staves
 30125 | D:14     | Found a gate to the Vaults.
 30166 | Vaults:1 | Entered Level 1 of the Vaults
 31073 | Vaults:2 | Found a staircase to the Crypt.
 31489 | Vaults:2 | Reached XP level 17. HP: 150/150 MP: 26/26
 32570 | Vaults:4 | Noticed Margery
 32593 | Vaults:4 | Killed Margery
 33191 | Vaults:4 | Found Qareadd's Weapon Shoppe.
 33612 | Lair:1   | Bought an uncursed ring of protection from magic for 300 gold pieces
 33740 | D:12     | Killed an unseen horror
 33740 | D:12     | Reached skill level 15 in Dodging
 33937 | Elf:1    | Entered Level 1 of the Elven Halls
 34076 | Elf:3    | Entered Level 3 of the Elven Halls
 34199 | Elf:3    | Found a flickering gateway to a bazaar.
 34207 | Bazaar   | Entered a bazaar
 34209 | Bazaar   | Found Suerios's Assorted Antiques.
 34212 | Bazaar   | OY VEY
 34213 | Bazaar   | Found Uqawy's General Store.
 34213 | Bazaar   | Found Ukaoch's Weapon Boutique.
 34213 | Bazaar   | Found Wasej's Magic Scroll Boutique.
 34245 | Bazaar   | Bought a scroll of enchant weapon for 52 gold pieces
 34251 | Bazaar   | Bought a tapered bone wand for 128 gold pieces
 34638 | Elf:3    | Reached XP level 18. HP: 159/159 MP: 27/27
 35120 | Elf:3    | Noticed a Brimstone Fiend
 35157 | Elf:3    | Noticed a Brimstone Fiend
 35305 | Elf:3    | Got a shimmering silver ring
 35307 | Elf:3    | Got a scorched marble ring
 35440 | Elf:3    | Got a slimy golden ring
 35508 | Elf:3    | Identified the ring "Netzasuv" {+Blink rPois rC+ rN+ Str-5} (You took it off a deep elf blademaster on level 3 of the Elven Halls)
 35510 | Elf:3    | Identified the ring of Uhent {SustAt +Blink rN+ Int+7 Dex-5} (You took it off a deep elf annihilator on level 3 of the Elven Halls)
 35512 | Elf:3    | Identified the ring "Huusij" {*Drain rPois rC+ rN+} (You took it off a deep elf sorcerer on level 3 of the Elven Halls)
 36332 | Elf:3    | Got a crude silver ring
 36434 | Elf:3    | Identified the ring "Muredois" {+/*Tele rN+} (You took it off a deep elf annihilator on level 3 of the Elven Halls)
 37102 | Elf:3    | Identified Easy Magic
 37129 | Elf:3    | Identified Suurhel's Catalogue of Stones and Transmutation (You found it on level 3 of the Elven Halls)
 37248 | Elf:3    | Identified Qutaut's Compendium of the Entourage
 37643 | Elf:2    | Found a runed gate.
 37643 | Elf:2    | Found a runed gate.
 37645 | Elf:2    | Found a runed gate.
 37854 | Elf:1    | Upgraded the game from 0.17-a0-2231-gd80ca38 to 0.18-a0-1-gfac8111
 37980 | Elf:1    | Noticed Asterion
 38335 | D:15     | Reached skill level 21 in Staves
 38916 | Depths:1 | Reached XP level 19. HP: 135/169 MP: 28/28
 39352 | Depths:1 | Learned a level 1 spell: Apportation
 39354 | Depths:1 | Learned a level 1 spell: Animate Skeleton
 39357 | Depths:1 | Found a gateway to Hell.
 40009 | Depths:1 | Found a one-way gate to the infinite horrors of the Abyss.
 40457 | Depths:3 | Reached skill level 22 in Staves
 40872 | Depths:3 | Found a gateway to a ziggurat.
 41150 | Depths:5 | Entered Level 5 of the Depths
 41682 | Depths:5 | Noticed a golden dragon
 41693 | Depths:5 | Killed a golden dragon
 41708 | Depths:5 | OY VEY
 41795 | Hell     | Entered the Vestibule of Hell
 41795 | Hell     | Noticed Geryon
 41823 | Depths:4 | Noticed a golden dragon
 41833 | Depths:4 | Killed a golden dragon
 42267 | Depths:4 | Reached XP level 20. HP: 141/177 MP: 29/29
 42392 | Depths:4 | Reached skill level 23 in Staves
 42504 | Depths:4 | Noticed a juggernaut
 42543 | Depths:4 | Found Rnnor's Retail Resort.
 43411 | Depths:2 | Noticed Saint Roka
 43972 | Hell     | Found a gateway to the freezing wastes of Cocytus.
 43973 | Hell     | Noticed Murray
 43987 | Hell     | Gained mutation: You occasionally shout uncontrollably at your foes. [a cacodemon]
 44291 | Hell     | Killed Murray
 44674 | Hell     | Killed Geryon
 45171 | Lair:6   | Found a staircase to the Shoals.
 45203 | Shoals:1 | Entered Level 1 of the Shoals
 45318 | Shoals:2 | Reached skill level 24 in Staves
 45737 | Shoals:4 | Entered Level 4 of the Shoals
 45933 | Shoals:4 | Got a barnacled rune of Zot
 46261 | Shoals:1 | Noticed Roxanne
 46319 | Lair:6   | Bought a scroll of recharging for 161 gold pieces
 46350 | Slime:1  | Entered Level 1 of the Pits of Slime
 46424 | Lair:6   | Reached skill level 15 in Evocations
 46555 | Slime:2  | Gained mutation: You expend magic power (3 MP) to strengthen your wands. [a shining eye]
 46566 | Slime:2  | Lost mutation: You occasionally shout uncontrollably at your foes. [potion of cure mutation]
 46566 | Slime:2  | Lost mutation: You expend magic power (3 MP) to strengthen your wands. [potion of cure mutation]
 46767 | Slime:3  | Reached XP level 21. HP: 130/183 MP: 31/31
 47290 | Slime:6  | Entered Level 6 of the Pits of Slime
 47302 | Slime:6  | Gained mutation: You are agile. (Dex +2) [a shining eye]
 48238 | Slime:6  | Found a viscous altar of Jiyva.
 48389 | Slime:6  | Reached skill level 25 in Staves
 48392 | Slime:6  | Noticed the royal jelly
 49373 | Slime:6  | Killed the royal jelly
 49549 | Slime:6  | Identified the Reference Book on Summoning
 49551 | Slime:6  | Got a slimy rune of Zot
 49590 | Slime:6  | Learned a level 2 spell: Repel Missiles
 49611 | Slime:6  | Got an encrusted plate armour
 49612 | Slime:6  | Identified the +10 plate armour of the Salamander {rElec Int+4} (You found it on level 6 of the Pits of Slime)
 49702 | Slime:6  | Identified a +1 pair of boots of running (You found it on level 6 of the Pits of Slime)
 49721 | Slime:6  | Gained mutation: Your flesh is cold resistant. [helix card]
 50347 | Vaults:5 | Entered Level 5 of the Vaults
 50378 | Vaults:4 | Reached skill level 1 in Spellcasting
 50380 | Vaults:4 | Reached skill level 1 in Charms
 50380 | Vaults:4 | Reached skill level 1 in Air Magic
 51030 | Vaults:5 | Got a wavering golden ring
 51032 | Vaults:5 | Identified the ring "Fonno" {rN+ Int+5} (You found it on level 5 of the Vaults)
 51121 | Vaults:5 | Reached XP level 22. HP: 180/191 MP: 33/33
 51642 | Vaults:5 | Identified Sif Muna's Guide on Flight
 51681 | Vaults:5 | Got a silver rune of Zot
 51686 | Vaults:5 | Identified Izxoer's Papyrus of Ashen Black Magic (You found it on level 5 of the Vaults)
 51691 | Vaults:5 | Learned a level 3 spell: Mephitic Cloud
 51697 | Vaults:5 | Learned a level 5 spell: Silence
 51701 | Vaults:5 | Identified Egatt's Disquisition on Creative Air (You found it on level 5 of the Vaults)
 52514 | Vaults:5 | Reached skill level 26 in Staves
 52790 | Vaults:5 | Found Ruixziru's Assorted Antiques.
 52803 | Vaults:5 | Bought a glowing cloak for 157 gold pieces
 53170 | Vaults:2 | Found an ancient bone altar of Kikubaaqudgha.
 53677 | Depths:1 | Voluntarily entered the Abyss.
 53679 | Abyss:1  | Found a sacrificial altar of Ru.
 54174 | Abyss:3  | Reached skill level 27 in Staves
 54237 | Abyss:3  | Reached skill level 15 in Fighting
 54427 | Abyss:3  | Paralysed by you for 3 turns
 54529 | Abyss:3  | Reached XP level 23. HP: 198/200 MP: 34/34
 55458 | Abyss:3  | Gained mutation: Your magical capacity is low (-10% MP). [a neqoxec]
 55524 | Abyss:3  | Reached skill level 5 in Air Magic
 55540 | Abyss:3  | Found a corrupted altar of Lugonu.
 55566 | Abyss:4  | Gained mutation: Your magical capacity is very low (-20% MP). [a cacodemon]
 55724 | Abyss:4  | Found a corrupted altar of Lugonu.
 55876 | Abyss:5  | Entered Level 5 of the Abyss
 56025 | Abyss:5  | Found a corrupted altar of Lugonu.
 56091 | Depths:1 | Escaped the Abyss
 56093 | Depths:1 | Voluntarily entered the Abyss.
 57272 | Abyss:3  | Found a corrupted altar of Lugonu.
 57277 | Abyss:3  | Found a corrupted altar of Lugonu.
 57372 | Abyss:3  | Noticed an ancient lich
 57380 | Abyss:3  | Killed an ancient lich
 57489 | Abyss:3  | Reached skill level 10 in Air Magic
 57544 | Abyss:3  | Got an abyssal rune of Zot
 57807 | Depths:1 | Escaped the Abyss
 57907 | Zig:1    | Entered Level 1 of a ziggurat
 57935 | Zig:2    | Entered Level 2 of a ziggurat
 57953 | Zig:2    | Reached XP level 24. HP: 207/214 MP: 27/27
 57973 | Zig:3    | Entered Level 3 of a ziggurat
 58039 | Zig:4    | Entered Level 4 of a ziggurat
 58053 | Zig:4    | Noticed a greater mummy
 58075 | Zig:4    | Killed a greater mummy
 58257 | Zig:5    | Entered Level 5 of a ziggurat
 58378 | Zig:6    | Entered Level 6 of a ziggurat
 58589 | Depths:4 | Reached skill level 5 in Spellcasting
 58589 | Depths:4 | Reached skill level 5 in Charms
 58649 | Depths:5 | Noticed a bone dragon
 58651 | Depths:5 | Noticed a bone dragon
 58680 | Depths:5 | Killed a bone dragon
 58693 | Depths:5 | Killed a bone dragon
 58765 | Depths:5 | Found a gate to the Realm of Zot.
 58995 | Zot:1    | Entered Level 1 of the Realm of Zot
 59573 | Zot:5    | Entered Level 5 of the Realm of Zot
 59839 | Zot:5    | Noticed an ancient lich
 59852 | Zot:5    | Noticed an orb of fire
 59898 | Zot:5    | Killed an ancient lich
 60144 | Zot:5    | Noticed an ancient lich
 60182 | Zot:5    | Killed an ancient lich
 60372 | Zot:5    | Killed an orb of fire
 60372 | Zot:5    | Reached XP level 25. HP: 118/221 MP: 27/27
 61003 | Zot:5    | Noticed an ancient lich
 61018 | Zot:5    | Killed an ancient lich
 61020 | Zot:5    | Noticed an ancient lich
 61030 | Zot:5    | Killed an ancient lich
 61270 | Zot:5    | Noticed an orb of fire
 61273 | Zot:5    | Gained mutation: You occasionally shout uncontrollably at your foes. [an orb of fire]
 61288 | Zot:5    | Killed an orb of fire
 61362 | Zot:5    | Noticed an ancient lich
 61495 | Zot:5    | Killed an ancient lich
 61586 | Zot:5    | Noticed an orb of fire
 61609 | Zot:5    | Killed an orb of fire
 61687 | Zot:5    | Reached skill level 10 in Charms
 61928 | Zot:5    | Reached skill level 10 in Spellcasting
 61930 | Zot:5    | Noticed an orb of fire
 62174 | Zot:5    | Paralysed by a Zot trap for 4 turns
 62260 | Zot:5    | Got the Orb of Zot
 62279 | Zot:5    | Killed an orb of fire
 62459 | Zot:2    | Noticed Yruolutz the pandemonium lord
 62472 | Zot:2    | Killed Yruolutz the pandemonium lord
 62877 | D:9      | Noticed Onuadeat the pandemonium lord
 63025 | D:6      | Noticed Ycsosobe the pandemonium lord
 63028 | D:6      | Lost mutation: You are agile. (Dex +2) [a neqoxec]
 63039 | D:6      | Killed Ycsosobe the pandemonium lord
 63046 | D:5      | Noticed a slave
 63051 | D:5      | Killed a slave
 63053 | D:5      | Noticed a slave
 63056 | D:5      | Killed a slave
 63060 | D:5      | Noticed a slave
 63063 | D:5      | Noticed a slave
 63168 | D:$      | Escaped with the Orb!

Vault maps used:
D:1:      elethiomel_arrival_infinity_welcomes_careful_drivers
D:2:      bloody_trog, first_bread, mrwooster_statue_mirror,
          corexii_item_surrounded_by_moat, nicolae_qazlal_eye_of_the_storm
D:3:      nicolae_dithmenos_shadow_blocks
D:4:      nemelex_spade_bored_becter
D:5:      minmay_temple_entry_purple_smoke, nemelex_lonely_heart_becter,
          uniq_pikel, uniq_crazy_yiuf_cottage
D:6:      lemuel_blue_sif_altar, kennysheep_generic_room_9
D:7:      gammafunk_temple_overflow_forgotten
D:8:      lemuel_round_altar, serial_shops, nicolae_shop_statue_plus,
          hangedman_little_slice_of_home
D:10:     minmay_lair_entry_lava, serial_shops, shop, uniq_snorg
D:11:     serial_glass, glass_columns_c, glass_columns_a
D:12:     david_orc_5, uniq_nergalle
D:13:     feat_on_display, uniq_nessos
D:14:     david_vaults_1, bh_walls_and_bars, minmay_crystal_water,
          kennysheep_boxes
D:15:     grunt_enter_depths_snipers, minivault_24
Temple:   oiseaux_autumnal_temple_12
Lair:1:   serial_bayou_pond_a, infiniplex_staircase_pool_2
Lair:2:   beast_lair_carwin_large_4, uniq_gastronok, uniq_fannar, uniq_erica
Lair:3:   beast_lair_carwin_4, serial_bayou_shore_b
Lair:4:   special_room
Lair:5:   minmay_snake_entry_six_corridors, minivault_11
Lair:6:   minmay_shoals_entry_lonely_mermaid, slime_altar_1, lab_entry_generic
Lair:8:   wormcave, hangedman_lair_tendril_chambers
Shoals:1: uniq_roxanne, uniq_josephine
Shoals:4: shoals_end_simple, shoal_ilsuiw
Snake:1:  basic_loot_grate_trap, lemuel_fruit_tree
Snake:2:  dpeg_oklob_gauntlet, st_stairs_4, serial_bayou_shore_b,
          grunt_megastairs_2, uniq_vashnia, uniq_agnes
Snake:3:  spider_trap, serial_bayou_pond_b, uniq_jorgrun
Snake:4:  minmay_snake_end_coiled, spider_trap, uniq_norris, uniq_louise,
          uniq_aizul
Orc:1:    portal_ice_cave_entry_animals_and_master, nicolae_orc_stony_grotto
Orc:3:    serial_shops, nicolae_shop_waterfront, enter_bailey_5,
          nicolae_orc_pool_cavern
Orc:4:    st_orc_pillars, serial_shops, nicolae_shop_scaring_up_business,
          mines3_lemuel, uniq_donald
Elf:1:    elf_arrival_002, minmay_elf_annihilation, uniq_asterion, uniq_azrael
Elf:3:    minmay_elf_hall_x, serial_shops, freezing_bzr
Vaults:1: hangedman_vaults_stream, nicolae_vaults_triangles, v_rooms_4,
          ontoclasm_vaults_pinch, v_misc_15, ontoclasm_vaults_ring_square,
          vaults_room_fours, st_spiral_rooms, nicolae_vaults_ninety_degrees,
          nicolae_vaults_alarming, serial_shops, shop
Vaults:2: hangedman_vaults_stagger, grunt_vaults_focal,
          nicolae_vaults_diagonal_hallway_9, blue_anna_dwarven_crypt,
          ontoclasm_vaults_shuriken, vaults_dpeg_spiral, vaults_room_hallway,
          v_misc_5, v_misc_28, hangedman_vaults_snaps, serial_glass, basic_altar
Vaults:3: hangedman_vaults_cutoff, vaults_room_door_hall,
          nicolae_vaults_twisting_passages, vaults_standard_mumra_lines,
          v_misc_8, v_misc_9, nicolae_vaults_murderbox, v_misc_30,
          vaults_dpeg_encased_lava, serial_shops, nicolae_shop_window_shopping,
          basic_altar, uniq_jory
Vaults:4: v_misc_26, nicolae_vaults_ring_of_whatevers,
          hangedman_vaults_corner_blocks, hangedman_vaults_slice, st_cells,
          vaults_room_grunt_arrival_ludios, serial_shops, nicolae_shop_stone,
          uniq_margery, uniq_sojobo, uniq_mara
Vaults:5: serial_shops
Depths:1: roderic_lattice_a, hell_entry, abyss_entry, kennysheep_generic_room_14
Depths:2: ragdoll_tomb_raider, abyss_entry_flame_altar, hell_entry,
          grunt_decor_one_mirror, serial_bayou_crossing,
          minmay_staircase_statues, grunt_megastairs_5, uniq_saint_roka
Depths:3: minmay_tri_box, enter_ziggurat_b, hell_entry, grunt_pan_entry_spiral,
          abyss_entry, kennysheep_underground_church,
          minmay_staircase_windowed_small, serial_bayou_shore_a
Depths:4: minmay_containers, hangedman_abyss_or_decor_clamps,
          hangedman_abyss_entry_splay, grunt_metal_band, nicolae_alphabet_shops,
          infiniplex_staircase_split_hallway
Depths:5: grunt_zot_entry_funnels, hell_entry, hangedman_decor_points,
          spider_trap, nrook_loot_triangle
Zot:4:    lemuel_baited_zot_trap, hangedman_zot_wheel_spokes
Abyss:1:  hangedman_abyss_or_decor_lesser_grid, lemuel_firewalk_3
Abyss:2:  evilmike_abyss_exit_17
Abyss:3:  hangedman_abyss_rune_macabre_mess, evilmike_abyss_exit_glass,
          minivault_4
Abyss:4:  evilmike_abyss_rune_siren
Abyss:5:  evilmike_abyss_rune_shrine, evilmike_abyss_exit_plants, minivault_25,
          serial_sigils_hangedman_gut, hangedman_abyss_shoalhut
Zig:6:    ziggurat_pillar_centre_oklobs
Lab:      nicolae_lab_dead_adventurers, labyrinth_skeletal_remains
Bazaar:   bazaar_minmay_cross
Bailey:   bailey_polearm_gnolls_kennysheep, bailey

Action                   |  1- 3 |  4- 6 |  7- 9 | 10-12 | 13-15 | 16-18 | 19-21 | 22-24 | 25-27 || total
-------------------------+-------+-------+-------+-------+-------+-------+-------+-------+-------++-------
Melee: Quarterstaff      |    73 |   117 |   210 |    43 |    56 |     6 |       |       |       ||   505
       Lajatang          |       |       |       |   982 |  1505 |  1580 |  1783 |  1504 |   265 ||  7619
Throw: Throwing net      |       |     1 |     2 |     1 |     1 |     6 |     2 |     5 |     1 ||    19
 Cast: Repel Missiles    |       |       |       |       |       |       |       |     4 |     1 ||     5
Invok: Potion Petition   |       |       |     1 |     3 |     3 |     3 |     8 |     4 |     1 ||    23
       Call Merchant     |       |       |       |     1 |     3 |     1 |     1 |       |       ||     6
       Bribe Branch      |       |       |       |       |       |       |     1 |     1 |       ||     2
 Abil: Evoke Teleportati |       |       |       |       |       |       |     3 |     2 |       ||     5
Evoke: Wand              |       |     4 |     2 |    14 |     1 |    16 |    16 |    12 |     7 ||    72
       Sack of spiders   |       |       |       |     3 |       |     9 |    12 |     9 |    12 ||    45
       Horn of Geryon    |       |       |       |       |       |       |     3 |     2 |     5 ||    10
       Fan of gales      |       |       |       |       |       |       |     2 |     1 |       ||     3
       Phial of floods   |       |       |       |       |       |       |     1 |       |     1 ||     2
       Deck              |       |       |       |       |       |       |     1 |       |       ||     1
       Lamp of fire      |       |       |       |       |       |       |     1 |       |       ||     1
  Use: Potion            |       |     5 |       |     3 |     4 |     6 |     3 |     6 |     1 ||    28
       Scroll            |       |     6 |     6 |     9 |    13 |    17 |    20 |    14 |     2 ||    87
 Stab: Sleeping          |     1 |     1 |       |       |       |       |       |       |       ||     2
       Paralysed         |       |       |     4 |     3 |     4 |     4 |       |       |       ||    15
       Distracted        |       |       |       |    13 |     8 |     8 |    22 |    20 |     2 ||    73
       Held in net/web   |       |       |       |     2 |       |     3 |     3 |     7 |     1 ||    16
       Confused          |       |       |       |       |       |     1 |     1 |     3 |       ||     5
       Invisible         |       |       |       |       |       |       |     4 |     5 |       ||     9
  Eat: Chunk             |     1 |     2 |     1 |       |       |       |       |       |       ||     4
       Bread ration      |     1 |     1 |     1 |     3 |     5 |     7 |     3 |     3 |     1 ||    25
       Beef jerky        |       |       |     1 |     2 |     1 |     1 |     5 |     2 |       ||    12
       Pizza             |       |       |     1 |     1 |       |       |     3 |       |       ||     5
       Meat ration       |       |       |       |     2 |     2 |     2 |     7 |     5 |     3 ||    21
       Fruit             |       |       |       |     3 |     6 |    13 |       |    11 |       ||    33
       Royal jelly       |       |       |       |       |       |     1 |       |     2 |       ||     3
